[Event "Deutsche Schachbundesliga 2010/11"]
[Site "Germany"]
[Date "2011.04.10"]
[Round "15"]
[White "Fridman, Daniel"]
[Black "Hector, Jonny"]
[Result "1/2-1/2"]
[ECO "D17"]
[WhiteElo "2645"]
[BlackElo "2592"]
[Annotator "Robot 3"]
[PlyCount "128"]
[EventDate "2011.??.??"]
[WhiteTeam "Mülheim-Nord"]
[BlackTeam "Emsdetten"]
[TimeControl "40/6000+30:20/3000+30:900+30"]

1. d4 d5 2. c4 c6 3. Nf3 Nf6 4. Nc3 dxc4 5. a4 Bf5 6. Ne5 Nbd7 7. Nxc4 Qc7 8.
g3 e5 9. dxe5 Nxe5 10. Bf4 Rd8 11. Qc1 Bd6 12. Nxd6+ Qxd6 13. Bg2 Qe7 14. O-O
a5 15. Bxe5 Qxe5 16. e4 Be6 17. Qe3 O-O 18. Qb6 Nd7 19. Qxb7 Rb8 20. Qa6 Rxb2
21. Rac1 Rfb8 22. Nd1 R2b6 23. Qa7 h5 24. f4 Qd4+ 25. Nf2 Qb4 26. f5 R6b7 27.
Qa6 Bb3 28. Qe2 Qd4 29. Qxh5 Bxa4 30. f6 Rb5 31. Qe2 Rb2 32. Qd3 Qxd3 33. Nxd3
Rd2 34. Nf4 Nxf6 35. e5 Nd5 36. Nxd5 cxd5 37. Rc5 Bb3 38. Rxa5 Bc4 39. Re1 Rbb2
40. Bf3 Rxh2 41. Bxd5 Bxd5 42. Rxd5 Rhg2+ 43. Kh1 Rxg3 44. e6 fxe6 45. Rxe6
Rh3+ 46. Kg1 Ra3 47. Re1 Raa2 48. Rg5 Kh7 49. Rh5+ Kg6 50. Rh3 Kf5 51. Rg3 g5
52. Rf1+ Kg6 53. Rf8 Rc2 54. Kh1 Rh2+ 55. Kg1 Rhe2 56. Kh1 Re5 57. Rg2 Raa5 58.
Kh2 Kg7 59. Rb8 Ra6 60. Rgb2 Ree6 61. Kg3 Kf6 62. Rf2+ Ke7 63. Rb7+ Kd6 64. Kg4
Ra4+ 1/2-1/2

[Event "Deutsche Schachbundesliga 2010/11"]
[Site "Germany"]
[Date "2011.04.10"]
[Round "15"]
[White "Hausrath, Daniel"]
[Black "Fiebig, Thomas"]
[Result "1/2-1/2"]
[ECO "A11"]
[WhiteElo "2537"]
[BlackElo "2453"]
[Annotator "Robot 3"]
[PlyCount "50"]
[EventDate "2011.??.??"]
[WhiteTeam "Mülheim-Nord"]
[BlackTeam "Emsdetten"]
[TimeControl "40/6000+30:20/3000+30:900+30"]

1. Nf3 d5 2. g3 Nf6 3. Bg2 c6 4. c4 dxc4 5. O-O Nbd7 6. Qc2 Qc7 7. Qxc4 e5 8.
d3 Bd6 9. Nbd2 O-O 10. b3 b5 11. Qc2 Bb7 12. Bb2 a6 13. Rac1 Rac8 14. Qb1 Rfe8
15. Qa1 h6 16. a3 Bf8 17. b4 a5 18. bxa5 Qxa5 19. Rc2 Bd6 20. Nh4 Ra8 21. Nf5
Bxa3 22. Qxa3 Qxa3 23. Bxa3 Rxa3 24. Nd6 Rb8 25. Nxb7 Rxb7 1/2-1/2

[Event "Deutsche Schachbundesliga 2010/11"]
[Site "Germany"]
[Date "2011.04.10"]
[Round "15"]
[White "Janssen, Ruud"]
[Black "Tregubov, Pavel V"]
[Result "1-0"]
[ECO "A33"]
[WhiteElo "2498"]
[BlackElo "2598"]
[Annotator "Robot 3"]
[PlyCount "58"]
[EventDate "2011.??.??"]
[WhiteTeam "Emsdetten"]
[BlackTeam "Mülheim-Nord"]
[TimeControl "40/6000+30:20/3000+30:900+30"]

1. c4 c5 2. Nf3 Nc6 3. d4 cxd4 4. Nxd4 Nf6 5. Nc3 e6 6. g3 Qb6 7. Nb3 Ne5 8. e4
Bb4 9. Qe2 d6 10. Bd2 O-O 11. O-O-O a5 12. f4 a4 13. fxe5 axb3 14. a3 dxe5 15.
axb4 Ra1+ 16. Nb1 Qa6 17. Bc3 Qa2 18. Qd3 Ng4 19. Rd2 Ne3 20. Rf2 Nxc4 21. Be2
b5 22. Rhf1 f6 23. g4 Bb7 24. g5 Qa8 25. Rxf6 gxf6 26. gxf6 Bxe4 27. Qg3+ Bg6
28. Bd3 Rxb1+ 29. Bxb1 Qa1 1-0

[Event "Deutsche Schachbundesliga 2010/11"]
[Site "Germany"]
[Date "2011.04.10"]
[Round "15"]
[White "Landa, Konstantin"]
[Black "Grandelius, Nils"]
[Result "1/2-1/2"]
[ECO "E20"]
[WhiteElo "2611"]
[BlackElo "2500"]
[Annotator "Robot 3"]
[PlyCount "48"]
[EventDate "2011.??.??"]
[WhiteTeam "Mülheim-Nord"]
[BlackTeam "Emsdetten"]
[TimeControl "40/6000+30:20/3000+30:900+30"]

1. d4 Nf6 2. c4 e6 3. Nc3 Bb4 4. Nf3 c5 5. g3 Nc6 6. Bg2 Ne4 7. Bd2 Nxd2 8.
Qxd2 cxd4 9. Nxd4 O-O 10. O-O Ne5 11. b3 Qa5 12. Rfc1 Ba3 13. Rc2 a6 14. Rd1
Rb8 15. Qf4 d6 16. Ne4 Ng6 17. Qe3 Bd7 18. Nf3 Bc6 19. Nd4 Rfd8 20. Nxc6 bxc6
21. Ng5 Bc5 22. Qc1 Ba3 23. Qe3 Bc5 24. Qc1 Ba3 1/2-1/2

[Event "Deutsche Schachbundesliga 2010/11"]
[Site "Germany"]
[Date "2011.04.10"]
[Round "15"]
[White "Litwak, Aleksej"]
[Black "Zumsande, Martin"]
[Result "1/2-1/2"]
[ECO "C04"]
[WhiteElo "2304"]
[BlackElo "2414"]
[Annotator "Robot 3"]
[PlyCount "101"]
[EventDate "2011.??.??"]
[WhiteTeam "Mülheim-Nord"]
[BlackTeam "Emsdetten"]
[TimeControl "40/6000+30:20/3000+30:900+30"]

1. e4 e6 2. d4 d5 3. Nd2 Nc6 4. Ngf3 Nf6 5. e5 Nd7 6. Nb3 Be7 7. Bb5 a5 8. a4
Ncb8 9. O-O b6 10. Be3 c6 11. Be2 Ba6 12. Bxa6 Nxa6 13. Ne1 O-O 14. f4 c5 15.
c3 cxd4 16. cxd4 Nb4 17. f5 Bg5 18. Qd2 Bxe3+ 19. Qxe3 exf5 20. Rxf5 Qe7 21.
Rc1 Rfc8 22. Rf1 Nf8 23. Nf3 h6 24. g3 Ng6 25. h4 Qd7 26. h5 Ne7 27. Nh4 Qg4
28. Qf3 Qxf3 29. Rxf3 Rxc1+ 30. Nxc1 Rc8 31. Rc3 Rc4 32. Nf3 Nec6 33. Ne2 Rxc3
34. Nxc3 Kf8 35. Kf1 Ke7 36. Ke2 Ke6 37. Nb5 Kf5 38. Nd6+ Kg4 39. Nxf7 Kxg3 40.
Nd6 Nc2 41. Nc8 Kg4 42. Nxb6 Kxh5 43. Nxd5 N2xd4+ 44. Nxd4 Nxd4+ 45. Ke3 Nc6
46. e6 Kg6 47. Ke4 h5 48. Nf4+ Kg5 49. Nd5 Kg6 50. Nf4+ Kg5 51. Nd5 1/2-1/2

[Event "Deutsche Schachbundesliga 2010/11"]
[Site "Germany"]
[Date "2011.04.10"]
[Round "15"]
[White "Pruijssers, Roeland"]
[Black "Berelowitsch, Alexander"]
[Result "0-1"]
[ECO "C18"]
[WhiteElo "2483"]
[BlackElo "2574"]
[Annotator "Robot 3"]
[PlyCount "140"]
[EventDate "2011.??.??"]
[WhiteTeam "Emsdetten"]
[BlackTeam "Mülheim-Nord"]
[TimeControl "40/6000+30:20/3000+30:900+30"]

1. e4 e6 2. d4 d5 3. Nc3 Bb4 4. e5 c5 5. a3 Ba5 6. b4 cxd4 7. Nb5 Bc7 8. Nf3
Nc6 9. Nxc7+ Qxc7 10. Bb5 Nge7 11. O-O a5 12. Bb2 axb4 13. axb4 Rxa1 14. Qxa1
O-O 15. Nxd4 Bd7 16. Nxc6 Nxc6 17. Qa3 Na5 18. Bd3 Nc4 19. Qc3 Rc8 20. Ra1 h6
21. Qd4 Be8 22. h3 Kf8 23. Ra7 Nxb2 24. Qxb2 Qb6 25. Qa3 Bb5 26. Qa5 Qxa5 27.
bxa5 Bxd3 28. cxd3 Rc1+ 29. Kh2 Rb1 30. a6 bxa6 31. Ra8+ Ke7 32. Ra7+ Ke8 33.
Rxa6 Rb3 34. d4 g6 35. Ra8+ Ke7 36. Ra7+ Kf8 37. Ra8+ Kg7 38. Ra4 Rc3 39. Ra1
g5 40. g3 Kg6 41. g4 Rd3 42. Ra4 h5 43. Kg2 h4 44. Rb4 Rc3 45. Ra4 Rc1 46. Rb4
Ra1 47. Rb3 Ra4 48. Rd3 Rc4 49. Kf1 Kg7 50. Ke2 f6 51. exf6+ Kxf6 52. Rf3+ Ke7
53. Kd3 Ra4 54. Re3 Ra2 55. f4 gxf4 56. Rf3 Ra4 57. g5 e5 58. dxe5 Ke6 59. g6
Kxe5 60. g7 Ra8 61. Rf2 Ra3+ 62. Kc2 Rg3 63. Re2+ Kf6 64. Rd2 Kxg7 65. Rxd5
Rxh3 66. Kd2 Ra3 67. Ke2 Kg6 68. Kf2 h3 69. Rd8 Ra7 70. Rd5 Ra1 0-1

[Event "Deutsche Schachbundesliga 2010/11"]
[Site "Germany"]
[Date "2011.04.10"]
[Round "15"]
[White "Richter, Christian"]
[Black "Kaufeld, Juergen"]
[Result "1-0"]
[ECO "A11"]
[WhiteElo "2392"]
[BlackElo "2286"]
[Annotator "Robot 3"]
[PlyCount "111"]
[EventDate "2011.??.??"]
[WhiteTeam "Emsdetten"]
[BlackTeam "Mülheim-Nord"]
[TimeControl "40/6000+30:20/3000+30:900+30"]

1. Nf3 d5 2. c4 c6 3. e3 Nf6 4. Nc3 a6 5. b3 Bf5 6. Be2 Nbd7 7. Nh4 Bg6 8. d4
e6 9. Nxg6 hxg6 10. Bb2 Bd6 11. g3 Nh5 12. Bf3 f5 13. a3 Nhf6 14. Bg2 g5 15. h3
Qe7 16. Qe2 Kf7 17. g4 g6 18. b4 Rh4 19. O-O-O Rah8 20. f3 b5 21. c5 Bc7 22.
Qc2 Qd8 23. Kb1 a5 24. Bc1 Qb8 25. Rhe1 axb4 26. axb4 Re8 27. e4 f4 28. Bf1 Nf8
29. Bb2 Rh7 30. Qd3 Qd8 31. Kc2 Kg8 32. Ra1 Qc8 33. Ra2 Bb8 34. e5 N6d7 35. Qe2
Qb7 36. Kd2 Rhe7 37. Rea1 Nh7 38. Ra6 Rc8 39. Qe1 Nhf8 40. R1a5 Rc7 41. Ra8 Rc8
42. R8a6 Rc7 43. Ke2 Qc8 44. Kf2 Qe8 45. Ra8 Rc8 46. Kg2 Bc7 47. Rxc8 Qxc8 48.
Ra7 Bb8 49. Ra8 Qb7 50. Qa1 Re8 51. Nb1 Rc8 52. Qa6 Rc7 53. Nd2 Ba7 54. Qxb7
Rxb7 55. Rc8 Nb8 56. Nb3 1-0

[Event "Deutsche Schachbundesliga 2010/11"]
[Site "Germany"]
[Date "2011.04.10"]
[Round "15"]
[White "Berger, Steve"]
[Black "Bulski, Krzysztof"]
[Result "0-1"]
[ECO "B80"]
[WhiteElo "2423"]
[BlackElo "2459"]
[Annotator "Robot 3"]
[PlyCount "62"]
[EventDate "2011.??.??"]
[WhiteTeam "Hamburg"]
[BlackTeam "Griesheim"]
[TimeControl "40/6000+30:20/3000+30:900+30"]

1. e4 c5 2. Nf3 e6 3. Nc3 Nc6 4. d4 cxd4 5. Nxd4 Qc7 6. g3 a6 7. Bg2 Nf6 8. O-O
Be7 9. Re1 d6 10. Nxc6 bxc6 11. e5 dxe5 12. Rxe5 O-O 13. Re1 Rd8 14. Qe2 Nd5
15. Nxd5 cxd5 16. Bf4 Qb6 17. c4 Bb7 18. Rec1 Bf6 19. c5 Qxb2 20. Qe1 Bc6 21.
a4 Rdc8 22. a5 Bb5 23. Bf1 Bxf1 24. Rab1 Qa3 25. Qxf1 Qxa5 26. c6 e5 27. Ra1
Qb4 28. Rxa6 exf4 29. Rxa8 Rxa8 30. c7 Qb7 31. Qh3 Qc8 0-1

[Event "Deutsche Schachbundesliga 2010/11"]
[Site "Germany"]
[Date "2011.04.10"]
[Round "15"]
[White "Geske, Julian"]
[Black "Sebastian, Dirk"]
[Result "0-1"]
[ECO "C78"]
[WhiteElo "2364"]
[BlackElo "2439"]
[Annotator "Robot 3"]
[PlyCount "62"]
[EventDate "2011.??.??"]
[WhiteTeam "Griesheim"]
[BlackTeam "Hamburg"]
[TimeControl "40/6000+30:20/3000+30:900+30"]

1. e4 e5 2. Nf3 Nc6 3. Bb5 a6 4. Ba4 Nf6 5. d3 Bc5 6. O-O d6 7. c3 O-O 8. Re1
Ba7 9. h3 Ne7 10. Nbd2 Ng6 11. Nf1 Nh5 12. Bg5 f6 13. Bb3+ Kh8 14. Be3 Nhf4 15.
Ng3 f5 16. exf5 Bxf5 17. Bxa7 Rxa7 18. d4 Bxh3 19. gxh3 Nxh3+ 20. Kg2 Nh4+ 21.
Nxh4 Qxh4 22. Re2 Nf4+ 23. Kg1 Nxe2+ 24. Qxe2 exd4 25. Kg2 Qf6 26. cxd4 Raa8
27. Rh1 Rae8 28. Qd2 Qf3+ 29. Kg1 Qf4 30. Qxf4 Rxf4 31. Kg2 Ref8 0-1

[Event "Deutsche Schachbundesliga 2010/11"]
[Site "Germany"]
[Date "2011.04.10"]
[Round "15"]
[White "Grabarczyk, Bogdan"]
[Black "Heinemann, Thies"]
[Result "1/2-1/2"]
[ECO "B97"]
[WhiteElo "2448"]
[BlackElo "2488"]
[Annotator "Robot 3"]
[PlyCount "117"]
[EventDate "2011.??.??"]
[WhiteTeam "Griesheim"]
[BlackTeam "Hamburg"]
[TimeControl "40/6000+30:20/3000+30:900+30"]

1. e4 c5 2. Nf3 d6 3. d4 cxd4 4. Nxd4 Nf6 5. Nc3 a6 6. Bg5 e6 7. f4 Qb6 8. Qd3
Nc6 9. Bxf6 gxf6 10. Nb3 Bd7 11. O-O-O O-O-O 12. Be2 Rg8 13. Qh3 Rg7 14. Kb1
Kb8 15. Rhf1 Na5 16. f5 Nxb3 17. axb3 Qc5 18. fxe6 fxe6 19. Rxf6 Qg5 20. Rdf1
Be7 21. Rf7 Rdg8 22. Rxg7 Rxg7 23. g3 Bf6 24. Qh5 Qxh5 25. Bxh5 Be5 26. Rf7 Kc7
27. Kc1 Rxf7 28. Bxf7 Kd8 29. Kd2 Ke7 30. Bh5 Bc6 31. Bf3 a5 32. Nd1 d5 33.
exd5 exd5 34. c4 Kd6 35. Bxd5 Bxd5 36. cxd5 Kxd5 37. Kd3 Kc5 38. Nc3 Kb4 39.
Kc2 Kc5 40. h3 Kd4 41. Kd2 Bb8 42. g4 Bf4+ 43. Kc2 Bg5 44. Nb5+ Ke5 45. Kd3 Bc1
46. Na3 Kf4 47. Nc4 Kg3 48. Ke4 Kxh3 49. Kf5 b6 50. Nxb6 Bxb2 51. Nc4 Bc3 52.
Nd6 h6 53. Ne4 Bb2 54. g5 hxg5 55. Nxg5+ Kg3 56. Ke4 Kf2 57. Kd3 Ke1 58. Ne6
Kd1 59. Nd8 1/2-1/2

[Event "Deutsche Schachbundesliga 2010/11"]
[Site "Germany"]
[Date "2011.04.10"]
[Round "15"]
[White "Kempinski, Robert"]
[Black "Mista, Aleksander"]
[Result "1/2-1/2"]
[ECO "D29"]
[WhiteElo "2615"]
[BlackElo "2574"]
[Annotator "Robot 3"]
[PlyCount "44"]
[EventDate "2011.??.??"]
[WhiteTeam "Hamburg"]
[BlackTeam "Griesheim"]
[TimeControl "40/6000+30:20/3000+30:900+30"]

1. d4 d5 2. Nf3 Nf6 3. c4 dxc4 4. e3 e6 5. Bxc4 c5 6. O-O a6 7. Qe2 b5 8. Bb3
cxd4 9. exd4 Be7 10. Nc3 Bb7 11. Bg5 O-O 12. Rad1 Nbd7 13. d5 exd5 14. Nxd5
Bxd5 15. Bxd5 Nxd5 16. Rxd5 Bxg5 17. Nxg5 h6 18. Rfd1 Re8 19. Qd2 hxg5 20. Rxd7
Qf6 21. Rd6 Re6 22. Rxe6 Qxe6 1/2-1/2

[Event "Deutsche Schachbundesliga 2010/11"]
[Site "Germany"]
[Date "2011.04.10"]
[Round "15"]
[White "Mueller, Karsten"]
[Black "Grabarczyk, Miroslaw"]
[Result "1/2-1/2"]
[ECO "C48"]
[WhiteElo "2525"]
[BlackElo "2475"]
[Annotator "Robot 3"]
[PlyCount "91"]
[EventDate "2011.??.??"]
[WhiteTeam "Hamburg"]
[BlackTeam "Griesheim"]
[TimeControl "40/6000+30:20/3000+30:900+30"]

1. e4 e5 2. Nf3 Nf6 3. Nc3 Nc6 4. Bb5 Bd6 5. d3 h6 6. h3 Qe7 7. Ne2 Bc5 8. O-O
O-O 9. Ng3 d6 10. c3 a6 11. Ba4 Ba7 12. Bc2 d5 13. exd5 Nxd5 14. Re1 Qf6 15. d4
exd4 16. Qd3 Qg6 17. Qxg6 fxg6 18. Bb3 Rd8 19. cxd4 Nxd4 20. Nxd4 Bxd4 21. Rd1
c5 22. Be3 Be6 23. Bxd4 cxd4 24. Rxd4 Nc7 25. Rad1 Rxd4 26. Rxd4 Bxb3 27. axb3
Ne6 28. Rd6 Re8 29. Ne4 Re7 30. Rb6 Kh7 31. h4 Nd8 32. f3 Ne6 33. Nd6 Nd8 34.
Ne4 Ne6 35. Rd6 g5 36. hxg5 Nxg5 37. Nc5 Rc7 38. Rd5 Kg6 39. b4 Kf7 40. Re5 Nh7
41. Kf2 Nf6 42. g4 Nd7 43. Rf5+ Ke7 44. Ke3 Nxc5 45. bxc5 b6 46. cxb6 1/2-1/2

[Event "Deutsche Schachbundesliga 2010/11"]
[Site "Germany"]
[Date "2011.04.10"]
[Round "15"]
[White "Murdzia, Piotr"]
[Black "Rasmussen, Allan Stig"]
[Result "1/2-1/2"]
[ECO "D48"]
[WhiteElo "2477"]
[BlackElo "2530"]
[Annotator "Robot 3"]
[PlyCount "112"]
[EventDate "2011.??.??"]
[WhiteTeam "Griesheim"]
[BlackTeam "Hamburg"]
[TimeControl "40/6000+30:20/3000+30:900+30"]

1. d4 d5 2. c4 dxc4 3. Nf3 Nf6 4. Nc3 a6 5. e3 e6 6. Bxc4 c5 7. O-O b5 8. Bb3
Bb7 9. Qe2 Nbd7 10. d5 c4 11. dxe6 fxe6 12. Bc2 Bd6 13. Ng5 Nc5 14. e4 Qc7 15.
f4 e5 16. Nd5 Nxd5 17. exd5 O-O-O 18. fxe5 Bxe5 19. Nf7 Bxh2+ 20. Kh1 Rhe8 21.
Qg4+ Rd7 22. d6 Bxd6 23. Bf5 Bc6 24. Nxd6+ Qxd6 25. Bf4 Qd5 26. Rae1 Rxe1 27.
Rxe1 Nd3 28. Rf1 g6 29. Bxd7+ Bxd7 30. Qg3 Bf5 31. Bb8 Qc5 32. Bd6 Qd4 33. Bb8
Qc5 34. Kh2 h5 35. Bf4 Qd4 36. Bb8 Qc5 37. Bf4 Qd4 38. Bb8 Qd8 39. Bf4 Qd5 40.
Bb8 Qc6 41. Be5 Qe6 42. Bb8 Qe7 43. Bd6 Qd8 44. Bf4 a5 45. Qe3 Kb7 46. Qf3+ Kb6
47. Be3+ Kc7 48. Kg1 Qe8 49. Bf4+ Kb6 50. Qd5 Qe7 51. Qa8 b4 52. Rf3 Qe1+ 53.
Kh2 Qh4+ 54. Kg1 Qe1+ 55. Kh2 Qh4+ 56. Kg1 Qe1+ 1/2-1/2

[Event "Deutsche Schachbundesliga 2010/11"]
[Site "Germany"]
[Date "2011.04.10"]
[Round "15"]
[White "Rogozenco, Dorian"]
[Black "Jakubowski, Krzysztof"]
[Result "1/2-1/2"]
[ECO "E11"]
[WhiteElo "2522"]
[BlackElo "2500"]
[Annotator "Robot 3"]
[PlyCount "50"]
[EventDate "2011.??.??"]
[WhiteTeam "Hamburg"]
[BlackTeam "Griesheim"]
[TimeControl "40/6000+30:20/3000+30:900+30"]

1. d4 Nf6 2. Nf3 e6 3. c4 Bb4+ 4. Bd2 c5 5. Bxb4 cxb4 6. e3 a5 7. a3 Na6 8. Be2
O-O 9. O-O b6 10. Nbd2 Bb7 11. Ne5 d6 12. Nd3 bxa3 13. bxa3 Qc7 14. Qb3 Nb8 15.
Nb2 Nbd7 16. Na4 e5 17. Rfc1 exd4 18. exd4 Rfe8 19. Nc3 Rab8 20. Re1 Nf8 21.
Nb5 Qd7 22. Qg3 Rbd8 23. a4 Ba6 24. Bf3 Rxe1+ 25. Rxe1 Ne6 1/2-1/2

[Event "Deutsche Schachbundesliga 2010/11"]
[Site "Germany"]
[Date "2011.04.10"]
[Round "15"]
[White "Tazbir, Marcin"]
[Black "Ftacnik, Lubomir"]
[Result "0-1"]
[ECO "A13"]
[WhiteElo "2523"]
[BlackElo "2568"]
[Annotator "Robot 3"]
[PlyCount "120"]
[EventDate "2011.??.??"]
[WhiteTeam "Griesheim"]
[BlackTeam "Hamburg"]
[TimeControl "40/6000+30:20/3000+30:900+30"]

1. c4 Nf6 2. g3 e6 3. Bg2 d5 4. Nf3 dxc4 5. Qa4+ Nbd7 6. Qxc4 a6 7. Qc2 c5 8.
O-O b5 9. a4 Bb7 10. Nc3 Qb6 11. d3 Be7 12. Qb3 Nd5 13. Bd2 O-O 14. Rfd1 Bc6
15. axb5 axb5 16. Ne1 Qb7 17. Nxd5 exd5 18. Nc2 Nb6 19. d4 c4 20. Qf3 Rxa1 21.
Rxa1 Ra8 22. Rxa8+ Qxa8 23. Bb4 Bxb4 24. Nxb4 Bb7 25. Qa3 Qxa3 26. bxa3 c3 27.
Kf1 Nc4 28. Ke1 Nxa3 29. Kd1 f5 30. Bxd5+ Bxd5 31. Nxd5 Kf7 32. Nxc3 Ke6 33.
Kd2 b4 34. Nd1 g5 35. Kd3 g4 36. Ne3 b3 37. d5+ Kf6 38. Kc3 Nb5+ 39. Kxb3 Nd4+
40. Kc4 Nxe2 41. Kc5 Nc1 42. Kd6 Nd3 43. Kc7 Nc5 44. Nc4 h5 45. Kc6 Na6 46. Kd6
f4 47. gxf4 Kf5 48. Ke7 Kxf4 49. d6 Nc5 50. Nd2 h4 51. Nb3 Nxb3 52. d7 Na5 53.
d8=N Kf3 54. Nf7 Kxf2 55. Ng5 Kg2 56. Kf6 h3 57. Ne4 Kxh2 58. Kg5 Kg2 59. Kxg4
h2 60. Ng3 Nc4 0-1

[Event "Deutsche Schachbundesliga 2010/11"]
[Site "Germany"]
[Date "2011.04.10"]
[Round "15"]
[White "Dinstuhl, Volkmar"]
[Black "Siebrecht, Sebastian"]
[Result "0-1"]
[ECO "D49"]
[WhiteElo "2424"]
[BlackElo "2421"]
[Annotator "Robot 3"]
[PlyCount "70"]
[EventDate "2011.??.??"]
[WhiteTeam "Wattenscheid"]
[BlackTeam "Katernberg"]
[TimeControl "40/6000+30:20/3000+30:900+30"]

1. d4 d5 2. c4 c6 3. Nf3 Nf6 4. Nc3 e6 5. e3 Nbd7 6. Bd3 dxc4 7. Bxc4 b5 8. Bd3
a6 9. e4 c5 10. e5 cxd4 11. Nxb5 axb5 12. exf6 Qb6 13. O-O gxf6 14. Be4 Bb7 15.
Bxb7 Qxb7 16. Nxd4 Rg8 17. Qf3 Qxf3 18. Nxf3 Rg4 19. b3 Ne5 20. Nxe5 fxe5 21.
Bb2 Re4 22. Rfb1 Bc5 23. Kf1 Rf4 24. f3 e4 25. Be5 Rf5 26. f4 h5 27. g3 f6 28.
Bb2 e5 29. a4 exf4 30. gxf4 Rxf4+ 31. Ke1 Rf2 32. axb5 Rxa1 33. Bxa1 Rxh2 34.
Rd1 Bb4+ 35. Kf1 e3 0-1

[Event "Deutsche Schachbundesliga 2010/11"]
[Site "Germany"]
[Date "2011.04.10"]
[Round "15"]
[White "Fontaine, Robert"]
[Black "Appel, Ralf"]
[Result "1-0"]
[ECO "E07"]
[WhiteElo "2540"]
[BlackElo "2547"]
[Annotator "Robot 3"]
[PlyCount "65"]
[EventDate "2011.??.??"]
[WhiteTeam "Katernberg"]
[BlackTeam "Wattenscheid"]
[TimeControl "40/6000+30:20/3000+30:900+30"]

1. c4 e6 2. Nf3 d5 3. d4 Nf6 4. g3 Be7 5. Bg2 O-O 6. O-O Nbd7 7. Nc3 c6 8. Qd3
b6 9. cxd5 cxd5 10. Bf4 Nh5 11. Rac1 Nxf4 12. gxf4 g6 13. Rc2 a6 14. Rfc1 b5
15. a4 b4 16. Nb1 a5 17. Nbd2 Ba6 18. Qe3 Nb6 19. Ne5 Nxa4 20. Nc6 Qd7 21. Bxd5
Bf6 22. Bf3 Rac8 23. Nb3 Kg7 24. Nbxa5 Qd6 25. Qb3 Bb5 26. e3 Be7 27. Nb7 Qd7
28. Ne5 Rxc2 29. Rxc2 Qe8 30. Rc7 Nb6 31. Nc6 Bf6 32. Nd6 Qa8 33. Nxb5 1-0

[Event "Deutsche Schachbundesliga 2010/11"]
[Site "Germany"]
[Date "2011.04.10"]
[Round "15"]
[White "Glek, Igor"]
[Black "Handke, Florian"]
[Result "1-0"]
[ECO "B31"]
[WhiteElo "2467"]
[BlackElo "2494"]
[Annotator "Robot 3"]
[PlyCount "137"]
[EventDate "2011.??.??"]
[WhiteTeam "Katernberg"]
[BlackTeam "Wattenscheid"]
[TimeControl "40/6000+30:20/3000+30:900+30"]

1. e4 c5 2. Nf3 Nc6 3. Bb5 g6 4. O-O Bg7 5. c3 Nf6 6. Re1 O-O 7. e5 Nd5 8. d4
cxd4 9. cxd4 d6 10. Nc3 Nc7 11. exd6 Qxd6 12. Bg5 Be6 13. Ne4 Qb4 14. Bxc6 bxc6
15. a3 Qxb2 16. Bxe7 Rfe8 17. Rb1 Bb3 18. Rxb2 Bxd1 19. Nd6 Bxf3 20. Nxe8 Rxe8
21. gxf3 Bxd4 22. Rb7 Nb5 23. Kg2 Nxa3 24. Bf6 Bxf6 25. Rxe8+ Kg7 26. Rxa7 Nb5
27. Raa8 h5 28. Rg8+ Kh7 29. Rgc8 Kg7 30. Rxc6 Nd4 31. Rc4 Nf5 32. f4 Nh4+ 33.
Kg3 Nf5+ 34. Kf3 Nh4+ 35. Ke4 Nf5 36. Rc5 Nh6 37. h3 Bh4 38. Kf3 Bf6 39. Rd5
Bc3 40. Ra7 Bb2 41. Rdd7 Bc3 42. Rab7 Bf6 43. Ke4 Bh4 44. f3 Bg3 45. Ke5 Kf8
46. Rxf7+ Nxf7+ 47. Kf6 Nd8 48. Rb4 h4 49. Rc4 Ke8 50. Kxg6 Ne6 51. Re4 Kd7 52.
Kf5 Nc5 53. Rb4 Ke7 54. Kg6 Nd3 55. Rb7+ Kd6 56. f5 Nf4+ 57. Kg7 Nd5 58. Kf7
Be5 59. Ra7 Nf4 60. Ra6+ Kd5 61. Ra5+ Kd4 62. Ra4+ Kd5 63. f6 Nxh3 64. Kg6 Nf4+
65. Kf5 Bd6 66. Ra5+ Kc6 67. f7 Nd5 68. Ra8 Ne3+ 69. Ke6 1-0

[Event "Deutsche Schachbundesliga 2010/11"]
[Site "Germany"]
[Date "2011.04.10"]
[Round "15"]
[White "Holzke, Frank"]
[Black "Lahno, Kateryna"]
[Result "0-1"]
[ECO "C50"]
[WhiteElo "2502"]
[BlackElo "2539"]
[Annotator "Robot 3"]
[PlyCount "62"]
[EventDate "2011.??.??"]
[WhiteTeam "Wattenscheid"]
[BlackTeam "Katernberg"]
[TimeControl "40/6000+30:20/3000+30:900+30"]

1. e4 e5 2. Nf3 Nc6 3. Bc4 Bc5 4. O-O d6 5. c3 Nf6 6. d4 Bb6 7. a4 a5 8. Qd3
O-O 9. Bg5 h6 10. Bh4 exd4 11. cxd4 g5 12. e5 d5 13. Bb3 Nb4 14. Qd1 gxh4 15.
exf6 Qxf6 16. Nc3 Be6 17. Ne5 Kh8 18. f4 c6 19. Kh1 Bf5 20. g4 hxg3 21. hxg3
Rg8 22. Qh5 Rxg3 23. Nxf7+ Kh7 24. Ng5+ Kg7 25. Ne2 Rxb3 26. Rg1 Bg6 27. Nf3
Kh7 28. Ng5+ Kg7 29. Ne4 dxe4 30. f5 Qe6 31. Rxg6+ Qxg6 0-1

[Event "Deutsche Schachbundesliga 2010/11"]
[Site "Germany"]
[Date "2011.04.10"]
[Round "15"]
[White "Kotainy, Jens"]
[Black "Tereick, Benjamin"]
[Result "0-1"]
[ECO "C12"]
[WhiteElo "2343"]
[BlackElo "2365"]
[Annotator "Robot 3"]
[PlyCount "66"]
[EventDate "2011.??.??"]
[WhiteTeam "Katernberg"]
[BlackTeam "Wattenscheid"]
[TimeControl "40/6000+30:20/3000+30:900+30"]

1. e4 e6 2. d4 d5 3. Nc3 Nf6 4. Bg5 Bb4 5. e5 h6 6. Bd2 Bxc3 7. bxc3 Ne4 8. Qg4
g6 9. Qf4 c5 10. Bd3 Nxd2 11. Qxd2 Bd7 12. Nf3 Bc6 13. h4 Nd7 14. h5 g5 15. O-O
Qa5 16. dxc5 Rc8 17. Nd4 Nxe5 18. f4 Nxd3 19. cxd3 Qxc5 20. fxg5 hxg5 21. Qxg5
Qe7 22. Qg7 Qf8 23. Qe5 Bd7 24. Rab1 b6 25. Nf5 Rc6 26. Qb8+ Bc8 27. Nd4 Qc5
28. Rb5 Qxc3 29. Nxc6 Qxc6 30. Qxa7 O-O 31. Qxb6 Qc2 32. Qe3 f6 33. Rc5 Qxg2+
0-1

[Event "Deutsche Schachbundesliga 2010/11"]
[Site "Germany"]
[Date "2011.04.10"]
[Round "15"]
[White "Rustemov, Alexander"]
[Black "Bischoff, Klaus"]
[Result "1/2-1/2"]
[ECO "E46"]
[WhiteElo "2541"]
[BlackElo "2553"]
[Annotator "Robot 3"]
[PlyCount "100"]
[EventDate "2011.??.??"]
[WhiteTeam "Wattenscheid"]
[BlackTeam "Katernberg"]
[TimeControl "40/6000+30:20/3000+30:900+30"]

1. d4 Nf6 2. c4 e6 3. Nc3 Bb4 4. e3 O-O 5. Nge2 Re8 6. a3 Bf8 7. g3 c6 8. e4 d6
9. Bg2 Nbd7 10. O-O e5 11. h3 a6 12. d5 cxd5 13. cxd5 b5 14. Be3 Nb6 15. b3 Bd7
16. Qd3 Qb8 17. Rfb1 Rc8 18. Na2 Be8 19. a4 Nbd7 20. b4 Nb6 21. Nac3 bxa4 22.
Bxb6 Qxb6 23. Nxa4 Qb7 24. Nec3 Be7 25. Bf1 Bd8 26. Qe3 Qa7 27. Qxa7 Rxa7 28.
Bd3 h5 29. h4 Kf8 30. Kg2 g6 31. Ra3 Rb8 32. Rab3 Ke7 33. f3 Bd7 34. R3b2 Rc8
35. b5 axb5 36. Bxb5 Bxb5 37. Rxb5 Nd7 38. Rb7 Ra6 39. R1b3 Ke8 40. Kh3 Rca8
41. Nb5 Rxa4 42. Nxd6+ Ke7 43. Nxf7 Kxf7 44. Rxd7+ Kg8 45. Rbb7 Bf6 46. Rd6 Rf8
47. Rbb6 Kg7 48. Rd7+ Kg8 49. Rdd6 Kg7 50. Rd7+ Kg8 1/2-1/2

[Event "Deutsche Schachbundesliga 2010/11"]
[Site "Germany"]
[Date "2011.04.10"]
[Round "15"]
[White "Straeter, Timo"]
[Black "Hoolt, Sarah"]
[Result "1/2-1/2"]
[ECO "D45"]
[WhiteElo "2325"]
[BlackElo "2251"]
[Annotator "Robot 3"]
[PlyCount "96"]
[EventDate "2011.??.??"]
[WhiteTeam "Wattenscheid"]
[BlackTeam "Katernberg"]
[TimeControl "40/6000+30:20/3000+30:900+30"]

1. d4 Nf6 2. c4 e6 3. Nc3 d5 4. Nf3 c6 5. e3 Nbd7 6. Qc2 Bd6 7. Bd2 O-O 8.
O-O-O e5 9. cxd5 cxd5 10. Nb5 Bb8 11. dxe5 Nxe5 12. Nxe5 Bxe5 13. Bc3 Qe7 14.
Bd3 Bg4 15. f3 Bxc3 16. Nxc3 Qxe3+ 17. Kb1 Be6 18. g4 Rac8 19. Qg2 Qb6 20. Ne2
g6 21. h4 d4 22. Nf4 Nd5 23. Nxd5 Bxd5 24. h5 Qe6 25. a3 Qb6 26. Ka1 Qb3 27.
Bb1 Bxf3 28. Qh2 Qxd1 29. Rxd1 Bxd1 30. h6 Bb3 31. Qf4 f6 32. Qxd4 Rc7 33. Qxa7
Be6 34. Qb6 Re7 35. Be4 Kf7 36. Bf3 Rc8 37. b4 Rc2 38. Be4 Rh2 39. Qd6 Ra2+ 40.
Kb1 Rxa3 41. g5 fxg5 42. Qd4 Rb3+ 43. Ka1 Ra3+ 44. Kb1 Bf5 45. Qd5+ Ke8 46.
Qg8+ Kd7 47. Qd5+ Kc7 48. Qxb7+ Kd8 1/2-1/2